Construct Infanterie Kompanie
Selects Terror Battlegroup
Selects Machine Gun Camouflage
Construct Luftwaffe Kompanie
Selects Defend the Fatherland
Selects Contempt for the Weak
Luftwaffe Officer Quarters
Selects Propaganda Leaflet Drop
Marder III M Tank Destroyer
Marder III M Tank Destroyer
Construct Panzergrenadier Kompanie
Selects King Tiger Heavy Tank
Nebelwerfer 42 Rocket Launcher Team
Nebelwerfer 42 Rocket Launcher Team